 Dungeon Crawl Stone Soup version 0.30-a0-242-g7bf8e6d787 (console) character file.

Game seed: 16851583190812782045

58 jejorda2 the Slasher (level 3, -1/49 HPs)
             Began as a Draconian Berserker on Oct 11, 2022.
             Was a Believer of Trog.
             Slain by a gnoll
             ... wielding a +0 spear
              (6 damage)
             ... on level 2 of the Dungeon.
             The game lasted 00:01:56 (733 turns).

jejorda2 the Slasher (Draconian Berserker)           Turns: 733, Time: 00:01:57

Health: -1/49      AC:  5    Str: 19    XL:     3   Next: 76%
Magic:  3/3        EV: 12    Int:  7    God:    Trog [**....]
Gold:   87         SH:  0    Dex: 12    Spells: 2/2 levels left

rFire   . . .      SeeInvis .    a - +0 falchion
rCold   . . .      Faith    .    (no shield)
rNeg    . . .      Spirit   .    (body armour unavailable)
rPois   .          Reflect  .    (helmet restricted)
rElec   .          Harm     .    (no cloak)
rCorr   .          Rampage  .    (no gloves)
Will    .....                    (no boots)
Stlth   ..........               (no amulet)
HPRegen 0.28/turn                (no ring)
MPRegen 0.08/turn                (no ring)

@: berserking (expiring), very quick
A: AC +5, unfitting armour, cold-blooded
a: Renounce Religion, Berserk, Trog's Hand


You were on level 2 of the Dungeon.
You worshipped Trog.
Trog was pleased with you.
You visited 1 branch of the dungeon, and saw 2 of its levels.

You collected 87 gold pieces.

Inventory:

Hand Weapons
 a - a +0 falchion (weapon)
 d - a +0 dagger
Missiles
 b - 9 stones (quivered)
Scrolls
 e - a scroll of teleportation {unknown}
 h - a scroll of acquirement {unknown}
 k - a scroll of noise {unknown}
Potions
 c - a potion of cancellation {unknown}
 f - a potion of lignification {unknown}
 g - a potion of attraction {unknown}
 i - a potion of curing {unknown}
 j - a potion of haste {unknown}
 l - a potion of ambrosia {unknown}
 m - 2 potions of invisibility {unknown}


   Skills:
 + Level 3.8 Fighting
 * Level 4.0 Long Blades
 + Level 3.1 Dodging


You had 2 spell levels left.
You didn't know any spells.
Your spell library was empty.

Dungeon Overview and Level Annotations

Branches:
Dungeon (2/15)

Altars:

Shops:
D:2 (


Innate Abilities, Weirdness & Mutations

Your plain brown scales are hard. (AC +5)
You cannot fit into any form of body armour.
You are cold-blooded and may be slowed by cold attacks.


Message History

The gnoll moves out of view.
Found 15 gold pieces.
The gnoll hits you but does no damage.
Found a pink potion.
Found a stone staircase leading up.
The gnoll attacks as you move away! The gnoll closely misses you.
The gnoll attacks as you move away! The gnoll hits you with a +0 club.
Found 5 gold pieces.
Found Haazi's Antique Weapon Shoppe.
The gnoll attacks as you move away! The gnoll hits you with a +0 club!
A red film seems to cover your vision as you go berserk!
You feel yourself moving faster!
You feel mighty! The gnoll hits you with a +0 club.
You barely miss the gnoll. The gnoll hits you with a +0 club.
The gnoll hits you from afar with a +0 spear.
You hit the gnoll.
The gnoll is heavily wounded.
The gnoll hits you with a +0 club.
The gnoll hits you from afar with a +0 spear.
You are too injured to fight recklessly!
You are too injured to fight recklessly!
You are too injured to fight recklessly!
You are too injured to fight recklessly!
You are too injured to fight recklessly!
You are too injured to fight recklessly!
You slash the gnoll!
You kill the gnoll!
Trog accepts your kill.
Your Long Blades skill increases to level 4!
The gnoll barely misses you. The gnoll misses you.
You see here a +0 club.
You hit the gnoll.
The gnoll is lightly wounded.
The gnoll hits you with a +0 club. The gnoll hits you with a +0 spear.
* * * LOW HITPOINT WARNING * * *
You closely miss the gnoll.
Your tail-slap misses the gnoll.
The gnoll is lightly wounded.
The gnoll hits you with a +0 club.
* * * LOW HITPOINT WARNING * * *
The gnoll hits you with a +0 club.
* * * LOW HITPOINT WARNING * * *
The gnoll hits you with a +0 spear.
You die...

##.## #....# #....# ##
#....# g.# #....# #...
#....# ###gg. ###
##....###...# #.#
......#...######@###
##.......#.....ggg.##
......................∩
...###########..######.#
......# ...$..
....#.#### ..!......
....#....# $..<......
....####.#....####.##
....#.:..#.... ...


You could see 3 gnolls.

Vanquished Creatures
  A gnoll (D:2)
  An adder (D:2)
  A dart slug (D:2)
  3 endoplasms (D:1)
  2 giant cockroaches (D:2)
  8 goblins
  3 hobgoblins
  6 jackals (D:1)
  2 kobolds (D:1)
  2 quokkas
  A ball python (D:1)
  2 bats (D:1)
  A frilled lizard (D:1)
  A rat (D:1)
34 creatures vanquished.

Notes
Turn   | Place    | Note
-------+----------+-------------------------------------------
     0 | D:1      | jejorda2 the Draconian Berserker began the quest for the
                  | Orb.
     0 | D:1      | Reached XP level 1. HP: 19/19 MP: 1/1
   130 | D:1      | Reached XP level 2. HP: 24/26 MP: 2/2
   468 | D:1      | Reached XP level 3. HP: 31/31 MP: 3/3
   536 | D:2      | Reached ** piety under Trog
   724 | D:2      | Found Haazi's Antique Weapon Shoppe.
   731 | D:2      | Reached skill level 4 in Long Blades
   733 | D:2      | Slain by a gnoll

Illustrated notes

Levels and vault maps discovered:
D:1:      minmay_arrival_radiant_lines, layout_rooms, kennysheep_crisscross
D:2:      layout_basic, serial_shops, shop_statue, serial_curves,
          eino_curves_02, eino_curves_03

Skill      XL: |  1  2  3 |
---------------+----------+-----
Dodging        | 3 |  3.1
Long Blades    | 4 |  4.0
Fighting       | |  3.8

Action                   || total
-------------------------++-------
Melee: Falchion          ||   114
       Tailslap          ||     7
Invok: Berserk           ||     2
Armor: Skin              ||    40
Dodge: Dodged            ||   102

Table legend: (Time is in decaauts)
 A = Elapsed time spent in this place.
 B = Non-inter-level travel time spent in this place.
 C = Inter-level travel time spent in this place.
 D = Time resting spent in this place.
 E = Time spent auto-exploring this place.
 F = Levels seen in this place.
 G = Mean time per level.
                   A        B        C        D        E       F      G
               +--------+--------+--------+--------+--------+-----+--------+
         Total |    756 |    744 |     12 |     55 |    416 |   2 |  378.0 |
       Dungeon |    756 |    744 |     12 |     55 |    416 |   2 |  378.0 |
               +--------+--------+--------+--------+--------+-----+--------+

Top non-repeatable levels by time:
     D:1: 537 daAuts
     D:2: 218 daAuts
